 Dungeon Crawl Stone Soup version 0.29-a0-380-gf50f0a9fbc (webtiles) character file.

Game seed: 10613820728596764261

46 Antichthon the Skirmisher (level 3, 0/29 HPs)
             Began as a Formicid Abyssal Knight on May 5, 2022.
             Was a Believer of Lugonu.
             Slain by an adder (2 damage)
             ... on level 2 of the Dungeon.
             The game lasted 00:03:09 (1891 turns).

Antichthon the Skirmisher (Formicid Abyssal Knight) Turns: 1891, Time: 00:03:10

Health: 0/29       AC:  4    Str: 17    XL:     3   Next: 92%
Magic:  4/4        EV: 11    Int:  9    God:    Lugonu [**....]
Gold:   104        SH:  0    Dex: 13    Spells: 2/2 levels left

rFire   . . .      SeeInvis +   a - +2 falchion
rCold   . . .      Faith    .   (no shield)
rNeg    + . .      Spirit   .   b - +0 leather armour
rPois   .          Reflect  .   (helmet unavailable)
rElec   .          Harm     .   (no cloak)
rCorr   .          Rampage  .   k - +0 pair of gloves
Will    .....                   (no boots)
Stlth   +.........              e - amulet of the acrobat
HPRegen 0.09/turn               i - ring of positive energy
MPRegen 0.09/turn               (no ring)

@: no status effects
A: permanent stasis, dig shafts and tunnels, antennae 3, four strong arms
a: Dig, Shaft Self, Renounce Religion, Depart the Abyss, Bend Space


You were on level 2 of the Dungeon.
You worshipped Lugonu.
Lugonu was pleased with you.
You visited 1 branch of the dungeon, and saw 2 of its levels.
You visited the Abyss 1 time.

You collected 104 gold pieces.

Inventory:

Hand Weapons
 a - a +2 falchion (weapon)
Armour
 b - a +0 leather armour (worn)
 k - a +0 pair of gloves (worn)
Jewellery
 d - a ring of fire
 e - an amulet of the acrobat (around neck)
 i - a ring of positive energy (left hand)
Potions
 c - a potion of heal wounds {unknown}
 f - 3 potions of berserk rage {unknown}
 g - a potion of resistance {unknown}
 h - a potion of lignification {unknown}
 j - 2 potions of brilliance {unknown}


   Skills:
 * Level 3.6 Fighting
 * Level 2.7 Long Blades
 * Level 0.4 Crossbows
 * Level 2.6 Armour
 * Level 1.1 Dodging
 * Level 0.8 Stealth
 * Level 0.2 Shields
 * Level 2.3 Invocations
 * Level 0.5 Evocations


You had 2 spell levels left.
You didn't know any spells.
Your spell library was empty.

Dungeon Overview and Level Annotations

Branches:
Dungeon (2/15)

Altars:

Annotations:
D:2 Terence


Innate Abilities, Weirdness & Mutations

You cannot be hasted, slowed, berserked, paralysed or teleported.
You can dig through walls and to a lower floor.
You have a pair of large antennae on your head. (SInv)
Your four strong arms can wield two-handed weapons with a shield.


Message History

You see here a giant cockroach corpse.
You now have 104 gold pieces (gained 8).
You see here a giant cockroach corpse.
There is an open door here.
You open the door.
There is an open door here.
Terence the Incautious comes into view.
He is wielding a +0 mace of protection, wearing a +1 scale mail of fire resistance and carrying a wand of digging (8).
Terence shouts!
You hear an angry hiss.
Terence is nearby!
Found 8 gold pieces.
An adder comes into view.
You closely miss Terence. Terence closely misses you.
You hit Terence but do no damage.
Terence hits you with a +0 mace of protection.
Terence attacks as you move away! Terence closely misses you.
Terence zaps a wand.
Some rock shatters into small pieces.
There is an open door here.
You barely miss Terence.
Terence hits you with a +0 mace of protection.
Terence closely misses you.
Unknown command.
Terence zaps a wand.
Some rock shatters into small pieces.
You hit the adder.
The adder is lightly wounded.
The adder barely misses you.
You slash the adder!
The adder is almost dead.
The adder bites you but does no damage. The adder bites you.
You barely miss the adder.
The adder is almost dead.
The adder bites you.
Terence hits you with a +0 mace of protection.
Unknown command.
You barely miss the adder.
The adder is severely wounded.
The adder barely misses you.
Terence hits you with a +0 mace of protection!
* * * LOW HITPOINT WARNING * * *
The adder bites you.
You die...

#.###...###......#.#
#...##.†##.#..#.##..
###....##.#..#.#####
#.##..##....#.## #
#....##....#.## # ##
##..##....#.##{ #
#.. #..##....#.##{ #
..# #.##....#.## #
#.####@...#.## #
#.##S@..#.##{
#.......###
#...#'#.#..#.### ##.
#..##.#..#.### #
#..S###.#..#.### ###
##....###.#..#.#+#..
..#....###.#..#.##.
#.##.##...###.#.....


You could see Terence and an adder.

Vanquished Creatures
  2 dart slugs (D:1)
  3 ball pythons (D:1)
  2 endoplasms (D:2)
  2 giant cockroaches
  5 goblins
  8 hobgoblins
  5 jackals (D:2)
  2 quokkas
  3 bats (D:1)
  2 frilled lizards
  A rat (D:1)
35 creatures vanquished.

Notes
Turn   | Place    | Note
-------+----------+-------------------------------------------
     0 | Abyss:1  | Antichthon the Formicid Abyssal Knight began the quest for
                  | the Orb.
     0 | Abyss:1  | Reached XP level 1. HP: 18/18 MP: 2/2
     0 | D:1      | Escaped the Abyss
    49 | D:1      | Reached skill level 1 in Dodging
   227 | D:1      | Reached ** piety under Lugonu
   228 | D:1      | Reached XP level 2. HP: 18/24 MP: 3/3
   744 | D:1      | Found a faded altar of an unknown god.
   966 | D:1      | Reached XP level 3. HP: 29/29 MP: 4/4
  1877 | D:2      | Noticed Terence
  1891 | D:2      | Slain by an adder

Illustrated notes

Levels and vault maps discovered:
D:1:      lightli_arrival_boilingwater, layout_loops_ring,
          shapermc_ecumenical_altar_acropolis
D:2:      minmay_razor_zed, layout_loops_cross, uniq_terence

Skill      XL: |  1 |
---------------+----+-----
Dodging        | 1 |  1.1
Fighting       | |  3.6
Long Blades    | |  2.7
Crossbows      | |  0.4
Armour         | |  2.6
Stealth        | |  0.8
Shields        | |  0.2
Invocations    | |  2.3
Evocations     | |  0.5

Action                   || total
-------------------------++-------
Melee: Falchion          ||   108
       Punch             ||     1
Invok: Depart the Abyss  ||     1
  Use: Scroll            ||     5
 Stab: Sleeping          ||     1
Armor: Leather armour    ||    47
Dodge: Dodged            ||    90

Table legend: (Time is in decaauts)
 A = Elapsed time spent in this place.
 B = Non-inter-level travel time spent in this place.
 C = Inter-level travel time spent in this place.
 D = Time resting spent in this place.
 E = Time spent auto-exploring this place.
 F = Levels seen in this place.
 G = Mean time per level.
                   A        B        C        D        E       F      G
               +--------+--------+--------+--------+--------+-----+--------+
         Total |   1914 |   1892 |     22 |    100 |   1369 |   3 |  638.0 |
       Dungeon |   1914 |   1892 |     22 |    100 |   1369 |   2 |  957.0 |
         Abyss |      0 |      0 |      0 |      0 |      0 |   1 |    0.0 |
               +--------+--------+--------+--------+--------+-----+--------+

Top non-repeatable levels by time:
     D:1: 1217 daAuts
     D:2: 697 daAuts
